 Dungeon Crawl Stone Soup version 0.25-a0-366-g516bc45ae0 (webtiles) character file.

Game seed: 7204678184602480314, levelgen mode: deterministic

49 Conn the Caller (level 3, 0/39 HPs)
             Began as a Demigod Summoner on Jan 6, 2020.
             Succumbed to an adder's poison
             ... on level 2 of the Dungeon.
             The game lasted 00:08:14 (2341 turns).

Conn the Caller (Demigod Summoner)                  Turns: 2341, Time: 00:08:14

Health: 0/39       AC: 21    Str: 13    XL:     3   Next: 32%
Magic:  9/9        EV:  2    Int: 24    God:
Gold:   69         SH:  0    Dex: 21    Spells: 3/6 levels left

rFire    . . .     SeeInvis .   i - +0 short sword
rCold    . . .     Gourm    .   (no shield)
rNeg     + + +     Faith    .   (armour currently unavailable)
rPois    +         Spirit   +   (helmet currently unavailable)
rElec    .         Reflect  .   (cloak currently unavailable)
rCorr    .         Harm     .   (gloves currently unavailable)
MR       .....     NoTele   +   (boots currently unavailable)
Stlth    +++.......             k - amulet of guardian spirit
HPRegen  0.13/turn              (no ring)
MPRegen  0.11/turn              (no ring)

@: brilliant, agile, lethally poisoned (0 -> -1), tree-form
A: high mp 1
a: no special abilities


You were on level 2 of the Dungeon.
You were very hungry.
You were a tree.
You visited 1 branch of the dungeon, and saw 2 of its levels.

You collected 69 gold pieces.

Inventory:

Hand Weapons
 d - a +0 dagger
 i - a +0 short sword (weapon)
Armour
 a - a +0 robe (melded)
Jewellery
 k - an amulet of guardian spirit (around neck)
Scrolls
 f - 3 scrolls of identify
 g - a scroll of magic mapping
 j - a scroll of fog
 n - a scroll of remove curse
Potions
 h - a potion of magic
Comestibles
 c - 3 rations


   Skills:
 + Level 0.2 Fighting
 + Level 0.5 Short Blades
 + Level 2.0 Dodging
 + Level 1.9 Stealth
 + Level 2.2 Spellcasting
 + Level 4.2 Summonings


You had 3 spell levels left.
You knew the following spells:

 Your Spells              Type           Power        Failure   Level  Hunger
a - Summon Small Mammal   Summ           ####         1%          1    None
b - Call Imp              Summ           #####...     1%          2    ##.....

Your spell library contained the following spells:

 Spells                   Type           Power        Failure   Level  Hunger
 Call Canine Familiar     Summ           #####...     1%          3    ###....
 Summon Guardian Golem    Hex/Summ       ####....     1%          3    ###....
 Summon Ice Beast         Ice/Summ       ####....     5%          4    ####...
 Summon Lightning Spire   Summ/Air       ####....     5%          4    ####...


Dungeon Overview and Level Annotations

Branches:
Dungeon (2/15)


Innate Abilities, Weirdness & Mutations

You have an increased reservoir of magic. (+10% MP)


Message History

It is a scroll of amnesia.
Really abort (and waste the scroll)?
Okay, then.
* * * LOW HITPOINT WARNING * * *
You feel sick.
Okay, then.
Okay, then.
As you read the scroll labeled NEUGEE MEH OSCH, it crumbles to dust.
It is a scroll of identify.
g - a scroll of magic mapping
As you read the scroll labeled RUOSEFYEQE, it crumbles to dust.
The scroll dissolves into smoke.
It was a scroll of fog.
As you read the scroll labeled HEODDI COCZAG, it crumbles to dust.
You feel blessed for a moment.
It was a scroll of remove curse.
You cannot move.
* * * LOW HITPOINT WARNING * * *
You feel sick.
* * * LOW HITPOINT WARNING * * *
You feel sick.
You die...

..# #...<<##.#.#.##### ###
##...###.#.......# ##.##
#.###.###.### #.# #.###........
#.# #.).......### ##'##
###.#.##### # ##.>.##
#§#÷#######. # ##.....##
#§#.....[... ##
##.......###♣##.#######
.####........[##5#...##########..
....+.........+§§§...............
.####.........##.#........#####..
.#####.......###.#..#####.#
.r≈≈≈##.....## #.#.#### #.#
.≈..≈###...## #......# #.# ≈≈≈..#
##'## ###b##.# #.# ≈≈≈≈.# #.#
#.##.###.#


You could see a friendly crimson imp.

Vanquished Creatures
  2 dart slugs
  A leopard gecko (D:1)
  2 hobgoblins (D:1)
  3 jackals (D:1)
  A ball python (D:1)
  A frilled lizard (D:1)
  2 kobolds (D:1)
  2 rats (D:1)
14 creatures vanquished.

Vanquished Creatures (collateral kills)
  2 adders (D:2)
  A leopard gecko (D:1)
  2 giant cockroaches (D:1)
  2 hobgoblins (D:1)
  2 jackals (D:1)
  4 bats
  2 frilled lizards (D:1)
  3 goblins
  5 kobolds (D:1)
  3 rats (D:1)
26 creatures vanquished.

Grand Total: 40 creatures vanquished

Notes
Turn   | Place    | Note
-------+----------+-------------------------------------------
     0 | D:1      | Conn the Demigod Summoner began the quest for the Orb.
     0 | D:1      | Reached XP level 1. HP: 14/14 MP: 5/5
   361 | D:1      | Reached XP level 2. HP: 6/20 MP: 5/7
   699 | D:1      | Reached skill level 4 in Summonings
  1447 | D:1      | Learned a level 2 spell: Call Imp
  1662 | D:1      | Reached XP level 3. HP: 22/26 MP: 6/8
  1886 | D:2      | Found a faded altar of an unknown god.
  2333 | D:2      | HP: 1/39 [poisoned by an adder]
  2341 | D:2      | Succumbed to an adder's poison

Levels and vault maps discovered:
D:1:      dpeg_arrival_another_circle, layout_basic, minmay_pentomino_w4
D:2:      layout_loops_corners, lemuel_crystal_altar,
          nicolae_overflow_crystal_walls, chequers_ecumenical_altar_island

Skill      XL: |  1  2  3 |
---------------+----------+-----
Spellcasting   | 2 |  2.2
Summonings     | 4 |  4.2
Dodging        | 2 |  2.0
Fighting       | |  0.2
Short Blades   | |  0.5
Stealth        | |  1.9

Action                   || total
-------------------------++-------
Melee: Dagger            ||    38
       Short sword       ||    51
 Cast: Summon Small Mamm ||    44
       Call Imp          ||     3
  Use: Potion            ||     5
       Scroll            ||     4
 Stab: Sleeping          ||     1
  Eat: Chunk             ||     4
Armor: Robe              ||    22
       Skin              ||     2
Dodge: Dodged            ||   104

Table legend:
 A = Non-vault XP
 B = Vault XP
 C = Vault XP percentage of total XP
 D = Non-vault monster count
 E = Vault monster count
 F = Vault count percentage of total count
                 A         B        C        D         E       F
            +---------+---------+-------+---------+---------+-------
      Total |      65 |       5 |   7.1 |      35 |       5 |  12.5
            +---------+---------+-------+---------+---------+-------
        D:1 |      43 |       5 |  10.4 |      30 |       5 |  14.3
        D:2 |      22 |       0 |   0.0 |       5 |       0 |   0.0
            +---------+---------+-------+---------+---------+-------
